 Dungeon Crawl Stone Soup version 0.21.2 (webtiles) character file.

0 glosham the Skirmisher (level 1, -4/22 HPs)
             Began as a Troll Abyssal Knight on Dec 18, 2018.
             Was a Follower of Lugonu.
             Slain by a small abomination (12 damage)
             ... on level 1 of the Abyss.
             The game lasted 00:02:54 (92 turns).

glosham the Skirmisher (Troll Abyssal Knight)         Turns: 92, Time: 00:02:55

Health: -4/22      AC:  5    Str: 21    XL:     1   Next: 8%
Magic:  1/1        EV: 10    Int:  8    God:    Lugonu [*.....]
Gold:   8          SH:  0    Dex:  9    Spells: 0/0 levels left

rFire    . . .     SeeInvis .     - Unarmed
rCold    + . .     Gourm    +   (no shield)
rNeg     . . .     Faith    .   a - +0 robe
rPois    .         Spirit   .   (helmet restricted)
rElec    .         Reflect  .   (no cloak)
rCorr    .         Harm     .   (gloves unavailable)
MR       .....                  (boots unavailable)
Stlth    +.........             (no amulet)
HPRegen  0.87/turn              (no ring)
MPRegen  0.07/turn              (no ring)

@: no status effects
A: large, unfitting armour, claws 3, cold resistance 1, fast metabolism 3,
gourmand, regeneration 2, shaggy fur 1, strong 1, tough skin 2
a: Depart the Abyss, Renounce Religion


You were on level 1 of the Abyss.
You worshipped Lugonu.
Lugonu was aware of your devotion.
You were not hungry.

You visited 0 branches of the dungeon, and saw 0 of its levels.
You visited the Abyss 1 time.

You collected 8 gold pieces.

Inventory:

Hand Weapons
 b - a +0 mace
Armour
 a - a +0 robe (worn)
Comestibles
 c - 2 rations


   Skills:
 - Level 2.4 Fighting
 * Level 0.1 Maces & Flails
 - Level 1.9 Dodging
 - Level 2.0 Unarmed Combat
 - Level 1.5 Invocations


You couldn't memorise any spells.
You didn't know any spells.

Dungeon Overview and Level Annotations

Branches:
Dungeon (0/15)

Altars:


Innate Abilities, Weirdness & Mutations

You are too large for most types of armour.
You have claws for hands.
Your metabolism is lightning-fast.
You like to eat raw meat.
You heal very quickly.
You are covered in fur. (AC +1)
You have very tough skin. (AC +2)
Your flesh is cold resistant. (rC+)
Your muscles are strong. (Str +2)


Message History

Adjust which item? (? for menu, Esc to quit)
c - a mace Adjust to which letter? (? for menu, Esc to quit)
b - a mace;
c - 2 rations
b - a +0 mace (weapon)
Found a gateway leading out of the Abyss.
Found a gateway leading out of the Abyss.
Found a scroll labeled RUTUMI XALI and a sapphire potion.
You see here a scroll labeled RUTUMI XALI.
d - a scroll labeled RUTUMI XALI You see here a sapphire potion.
As you read the scroll labeled RUTUMI XALI, it crumbles to dust.
It is a scroll of identify. a potion of mutation Really quaff a potion of mutation {!q}?
You feel extremely strange.
You begin to heal more quickly.
You feel stronger.
You feel resistant to cold.
Found 8 gold pieces.
Found a mace.
You see here 8 gold pieces.
You now have 8 gold pieces.
An orc zombie comes into view.
You are now empty-clawed.
You claw the orc zombie!
You destroy the orc zombie!
A small abomination comes into view.
The small abomination hits you but does no damage.
You scratch the small abomination.
The small abomination is lightly damaged.
The small abomination hits you.
You scratch the small abomination.
The small abomination is moderately damaged.
The small abomination hits you!
Ouch! That really hurt!
* * * LOW HITPOINT WARNING * * *
The small abomination closely misses you.
Found a scroll labeled DEHAORH BECUF.
The small abomination hits you!
Ouch! That really hurt!
You die...

..###### ..
.#.....##..#
...#....##.# ##
.##..##....##..#.
###......#..#?#..
#...##..#.#...#
#.....##....#.#
...##.#..#.#...#
. . ##...x@..###
... #.##.####...#
..... ##. ..#
#.## # .# .


You could see a small abomination.

Vanquished Creatures
  An orc zombie (Abyss:1)
1 creature vanquished.

Notes
Turn   | Place    | Note
-------+----------+-------------------------------------------
     0 | Abyss:1  | glosham the Troll Abyssal Knight began the quest for the Orb.
     0 | Abyss:1  | Reached XP level 1. HP: 22/22 MP: 1/1
     0 | Abyss:1  | Found a corrupted altar of Lugonu.
    17 | Abyss:1  | Gained mutation: You heal very quickly. [potion of mutation]
    17 | Abyss:1  | Gained mutation: Your muscles are strong. (Str +2) [potion of mutation]
    17 | Abyss:1  | Gained mutation: Your flesh is cold resistant. (rC+) [potion of mutation]
    86 | Abyss:1  | Noticed a small abomination
    92 | Abyss:1  | Slain by a small abomination

Action                   || total
-------------------------++-------
Melee: Unarmed           ||     3
  Use: Scroll            ||     1
       Potion            ||     1
Armor: Robe              ||     1
Dodge: Dodged            ||     1

Table legend:
 A = Turns spent in this place as a percentage of turns spent in the entire game.
 B = Non-inter-level travel turns spent in this place as a percentage of non-inter-level travel turns spent in the entire game.
 C = Inter-level travel turns spent in this place as a percentage of turns spent in this place.
 D = Turns resting spent in this place as a percentage of non-inter-level travel turns spent in this place.
 E = Turns spent auto-exploring this place as a percentage of non-inter-level travel turns spent in this place.
 F = Non-inter-level travel turns spent in this place divided by the number of levels of this place that you've seen.
                   A       B       C       D       E      F
               +-------+-------+-------+-------+-------+----------------------
         Total | 100.0 | 100.0 |   0.0 |   0.0 |   0.0 |  92.0
         Abyss | 100.0 | 100.0 |   0.0 |   0.0 |   0.0 |  92.0
               +-------+-------+-------+-------+-------+----------------------

Table legend:
 A = Kills in this place as a percentage of kills in entire the game.
 B = Kills by you in this place as a percentage of kills by you in the entire game.
 C = Kills by friends in this place as a percentage of kills by friends in the entire game.
 D = Other kills in this place as a percentage of other kills in the entire game.
 E = Experience gained in this place as a percentage of experience gained in the entire game.
 F = Experience gained in this place divided by the number of levels of this place that you have seen.
                   A       B       C       D       E      F
               +-------+-------+-------+-------+-------+----------------------
         Total | 100.0 | 100.0 |   N/A |   N/A | 100.0 |   1.0
         Abyss | 100.0 | 100.0 |   N/A |   N/A | 100.0 |   1.0
               +-------+-------+-------+-------+-------+----------------------

Vault maps used:
